← All builds
Suicide front / Cortex / Economy first / OBSERVED BUILD

Standard suicide front

Cortex Suicide front build order · Supreme Isthmus

Economy-first start from a Bot Lab that pushes Thugs, Aggravators and Grunts to hold the middle while the player techs up as usual.

#rush #eco · 494 distinct matches · 91 players · 72% of Cortex Suicide front games · team won 53% of 510 · Recently observed

HOW TO PLAY IT

Key timing: Bot Lab by 0:35

  1. Grab 3 mex while bot lab goes down almost immediately.
  2. Finish bot lab and start pushing Thugs to middle right away.
  3. Layer wind, guard turrets and sentries while holding the line.
  4. Expect first kill and first loss almost immediately as fighting starts early.
  5. Transition into advanced metal extractor once middle is stable.

Phase by phase

TYPICAL OF ITS 494 GAMES
  1. 1
  2. 2
  3. 3
PLAY THE OPENING

Follow the example game's first 6:00 step by step: what to build now, what comes next, and where it goes. At 1× it keeps pace with your own game.

  1. 1

    Up to the Bot Lab

    Economy
    • Metal Extractor2Mex
    Order
    1. Bot LabBot Lab after 2 mexdone ~0:37, middle half 0:27–0:45

    By 0:22 in all: 2 mex

    The example game in this phase · 3 steps
    1. Mex ×2
    2. Wind
    3. Bot LabBot Labdone 0:40 · typical 0:37
  2. 2

    Bot Lab to 5:00

    Economy
    • Metal Extractor4Mex
    • Wind Turbine3Wind
    Builders
    • Graverobber4 Graverobber
    • Construction Bot3 Con bot
    Army
    • Guard3 Guard
    • Thug15 Thug
    • Grunt3 Grunt
    Other
    • Radar Tower1 Radar Tower

    Some games also: aggravator (46%)

    By 5:00 in all: 5 mex · 3 wind

    The example game in this phase · 27 steps
    1. GraverobberGraverobber
    2. Mex
    3. GruntGrunt ×2
    4. GraverobberGraverobber
    5. GruntGrunt ×5
    6. Construction BotCon bot ×2
    7. ThugThug
    8. Mex
    9. ThugThug ×2
    10. Radar TowerRadar Tower
    11. ThugThug ×2
    12. Mex
    13. GraverobberGraverobber
    14. GuardGuard
    15. ThugThug ×5
    16. GraverobberGraverobber
    17. GuardGuard
    18. ThugThug
    19. GuardGuard
    20. ThugThug ×3
    21. GuardGuard
    22. ThugThug
    23. GraverobberGraverobber
    24. GuardGuard
    25. ThugThug ×3
    26. GuardGuard
    27. ThugThug
  3. 3

    5:00 to 10:00

    Economy
    • Metal Extractor1Mex
    • Wind Turbine14Wind
    Builders
    • Construction Turret2 Con turret
    • Graverobber3 Graverobber
    • Construction Bot1 Con bot
    Army
    • Guard1 Guard
    • Thug8 Thug
    • Grunt2 Grunt

    Some games also: energy storage (47%) · aggravator (45%) · Radar Tower (41%) · Twin Guard (31%) · eat Bot Lab (35%)

    By 10:00 in all: 6 mex · 18 wind · 1 energy storage · 2 con turret

    The example game in this phase · 58 steps
    1. ThugThug
    2. GraverobberGraverobber
    3. GuardGuard
    4. ThugThug
    5. GuardGuard
    6. ThugThug ×2
    7. BeamerBeamer
    8. GuardGuard
    9. RocketeerRocketeer
    10. GuardGuard
    11. BlitzBlitz
    12. Construction BotCon bot
    13. BlitzBlitz ×2
    14. ThugThug
    15. Wind
    16. RocketeerRocketeer
    17. BlitzBlitz
    18. Con turret
    19. GuardGuard
    20. RocketeerRocketeer
    21. Wind
    22. GuardGuard
    23. Wind ×2
    24. ThugThug
    25. Wind
    26. GraverobberGraverobber
    27. GauntletGauntletdone 8:57
    28. Wind ×2
    29. Radar TowerRadar Tower
    30. ThugThug ×6
    31. Mex
    32. GraverobberGraverobber
    33. Con turret
    34. ThugThug
    35. Con turret
    36. ThugThug
    37. Wind
    38. ThugThug
    39. Wind
    40. ThugThug
    41. GraverobberGraverobber
    42. Advanced Metal ExtractorT2 mexdone 12:43
    43. GruntGrunt
    44. Wind
    45. GruntGrunt
    46. Wind
    47. Advanced Metal ExtractorT2 mexdone 12:41 · typical 9:50
    48. Wind ×12
    49. GruntGrunt
    50. Advanced Metal ExtractorT2 mex
    51. GruntGrunt ×2
    52. PersecutorPersecutornot finished by 15:00
    53. GruntGrunt ×2
    54. GraverobberGraverobber
    55. GruntGrunt ×7
    56. GraverobberGraverobber
    57. PersecutorPersecutor
    58. GruntGrunt ×8

Counts are medians over the build's games: half of them build more, half fewer. The example game is Atlasfailed's (36 OS, 07/10/2026); pick another.

Team trades

IN AT LEAST 30% OF ITS GAMES

You hand over

Nothing regular.

You get

  • Tidal Generator4 Tidal from Pondfirst at 0:11 · in 69% of games
  • Advanced Construction Bot1 T2 con bot from Geo or Techfirst at 7:38 · in 57% of games

How it plays out

Typical game of this build, running totals by minute

Metal produced

010k20k
0:005:0010:0015:00

metal

Enemy metal destroyed

05k10k
0:005:0010:0015:00

metal

Own metal lost

05k10k15k
0:005:0010:0015:00

metal

510 games.

Show as table
ByMetal produced: This buildEnemy metal destroyed: This buildOwn metal lost: This build
1:0032700
2:0096500
3:002069200140
4:003167712642
5:00432816511430
6:00554925842412
7:00675036083473
8:00796845704492
9:00923953275480
10:001049060336293
11:001202366217138
12:001361270967946
13:001518477998729
14:001697885519413
15:0018684921410163
WHAT THE NUMBERS SAY

Standard suicide front wins slightly above average at 52%, with by far the heaviest early trading of any role.

  • + Fastest bot lab of any role at 0:35, matching its job of projecting force earliest.
  • − Highest own metal lost by far at 10162 by 15:00, reflecting constant frontline trading.
THE EXAMPLE YOU ARE READING

Atlasfailed

35.6 OS · 07/10/2026

Open source match ↗

38 received units · includes a constructor
221 metal received · 16886 energy received

Allied construction assistance is unknown. Timings are observations, not a promise of solo reproducibility.

Typical milestones

Bot Lab0:37Middle 50%: 0:27–0:45 · n=506
Advanced Metal Extractor9:50Middle 50%: 8:50–10:58 · n=330

Played most by

_X_64games of this build_Hawkey_54games of this buildXXMACGAMERXX43games of this buildImmort30games of this buildGuiTou25games of this build
Standard suicide front · Cortex Suicide front build order · BAR Build Atlas